 Dungeon Crawl Stone Soup version 0.32-a0-12-g7fc57aa741 (webtiles) character file.

Game seed: 18303790746433265041

155 LustLizard the Gusty (level 5, -3/29 HPs)
             Began as a Deep Elf Air Elementalist on Jan 14, 2024.
             Shot with an arrow by a centaur (10 damage)
             ... on level 6 of the Dungeon.
             The game lasted 00:06:55 (2860 turns).

LustLizard the Gusty (Deep Elf Air Elementalist)    Turns: 2860, Time: 00:06:58

Health: -3/29      AC:  3    Str:  7    XL:     5   Next: 14%
Magic:  5/13       EV: 12    Int: 20    God:
Gold:   145        SH:  0    Dex: 15    Spells: 2/12 levels left

rFire   . . .        f - +0 dagger
rCold   . . .        (no shield)
rNeg    . . .        a - +0 robe
rPois   .            (no helmet)
rElec   .            (no cloak)
rCorr   .            q - +0 pair of gloves
SInv    +            (no boots)
Will    .....        (no amulet)
Stlth   +++          l - ring of see invisible
HPRegen 0.24/turn    (no ring)
MPRegen 0.13/turn

%: no passive effects
@: very slightly contaminated
A: no striking features
a: no special abilities


You were on level 6 of the Dungeon.
You visited 1 branch of the dungeon, and saw 4 of its levels.

You collected 145 gold pieces.

Inventory:

Hand Weapons
 f - a +0 dagger (weapon)
Missiles
 m - 6 poisoned darts
Armour
 a - a +0 robe (worn)
 q - a +0 pair of gloves (worn)
Magical Staves
 p - a staff of earth
Jewellery
 l - a ring of see invisible (left hand)
Scrolls
 c - 2 scrolls of identify {unknown}
 h - 2 scrolls of noise {unknown}
 i - a scroll of torment {unknown}
 j - a scroll of fear {unknown}
 k - a scroll of teleportation {unknown}
 r - a scroll of brand weapon {unknown}
Potions
 b - a potion of magic
 d - 2 potions of curing {unknown}
 e - 3 potions of enlightenment {unknown}
 g - a potion of lignification {unknown}
 n - a potion of resistance {unknown}
 o - a potion of might {unknown}


   Skills:
 + Level 1.5 Fighting
 - Level 2.4 Dodging
 + Level 3.7 Stealth
 + Level 4.2 Spellcasting
 - Level 1.1 Conjurations
 * Level 4.3 Air Magic


You had 2 spell levels left.
You knew the following spells:

 Your Spells              Type           Power      Damage    Failure   Level
a - Shock                 Conj/Air       60%        1d6       4%          1
b - Static Discharge      Conj/Air       30%        3-5/arc   6%          2
c - Swiftness             Air            21%        N/A       6%          3
d - Airstrike             Air            10%        2d(2-18)  21%         4

Your spell library contained the following spells:

 Spells                   Type           Power      Damage    Failure   Level
 Fugue of the Fallen      Necr           4%         N/A       36%         3
 Ozocubu's Armour         Ice            4%         N/A       36%         3
 Manifold Assault         Tloc           4%         N/A       77%         4


Dungeon Overview and Level Annotations

Branches:
Dungeon (3/15)

Altars:
Xom


Message History

q - a +0 pair of gloves You start putting on your armour.
You continue putting on your +0 pair of gloves. x4
You finish putting on your +0 pair of gloves.
Okay, then.
Found 8 stones.
You see here 8 stones.
Found a scroll labelled VYEFIZ FEECIQE and 17 gold pieces.
Found a robe.
You see here a +0 robe.
r - a scroll labelled VYEFIZ FEECIQE A centaur comes into view.
The centaur shouts!
Okay, then.
Okay, then.
Okay, then.
Casting: Static Discharge (safe; 6% risk of failure)
Confirm with . or Enter, or press ? or * to list all spells.
Okay, then.
Casting: Static Discharge (safe; 6% risk of failure)
Confirm with . or Enter, or press ? or * to list all spells.
Aiming: Airstrike (extremely dangerous; 21% risk of failure)
Press: ? - help, Dir - move target, f - centaur
Aim: a centaur (empty space bonus: 3/8)
You miscast Airstrike.
You are very lightly contaminated with residual magic.
Electricity courses through your body!
The centaur wields a +0 orcbow of flaming.
It bursts into flame!
The centaur shoots an arrow.
The arrow hits you! The arrow burns you.
* * * LOW HITPOINT WARNING * * *
Casting: Airstrike (extremely dangerous; 21% risk of failure)
Confirm with . or Enter, or press ? or * to list all spells.
Aiming: Airstrike (extremely dangerous; 21% risk of failure)
Press: ? - help, Dir - move target, f/p - centaur
Aim: a centaur, wielding a +0 orcbow of flaming (empty space bonus: 3/8)
The air twists around and strikes the centaur!
The centaur is heavily wounded.
The centaur shoots an arrow.
The arrow hits you!
You die...

### #.. #.# #####
#c#### .....
#....## ########
#..#..#####....(..
#@###.......######
#..#..#######
##..[## ##..# #..#
#..# #..# ...#
...#


You could see a centaur.

Vanquished Creatures
  Natasha (thrice) (D:2)
  An adder (D:3)
  2 dart slugs
  An orc (D:3)
  4 endoplasms
  2 giant cockroaches
  7 goblins
  5 hobgoblins
  3 jackals (D:2)
  3 quokkas
  9 ball pythons
  7 bats
  2 frilled lizards (D:2)
  4 kobolds
  9 rats
62 creatures vanquished.

Notes
Turn   | Place    | Note
-------+----------+-------------------------------------------
     0 | D:1      | LustLizard the Deep Elf Air Elementalist began the quest
                  | for the Orb.
     0 | D:1      | Reached XP level 1. HP: 10/10 MP: 6/6
   400 | D:1      | Reached XP level 2. HP: 15/15 MP: 5/8
   520 | D:1      | Learned a level 2 spell: Static Discharge
  1260 | D:2      | Reached XP level 3. HP: 20/20 MP: 0/9
  1264 | D:2      | Learned a level 3 spell: Swiftness
  1977 | D:2      | Noticed Natasha
  1985 | D:2      | Killed Natasha
  1986 | D:2      | Reached skill level 1 in Fighting
  1986 | D:2      | Reached XP level 4. HP: 7/25 MP: 4/11
  2089 | D:2      | Learned a level 4 spell: Airstrike
  2213 | D:2      | Found a shimmering altar of Xom.
  2337 | D:2      | Noticed Natasha
  2344 | D:2      | Killed Natasha
  2556 | D:2      | Noticed Natasha
  2564 | D:2      | Killed Natasha
  2646 | D:3      | Reached XP level 5. HP: 28/29 MP: 9/13
  2775 | D:3      | You fall into a shaft and drop 3 floors!
  2857 | D:6      | Noticed a centaur
  2860 | D:6      | Shot with an arrow by a centaur

Illustrated notes

Levels and vault maps discovered:
D:1:      dpeg_arrival_subterranean_lakeside_camping, layout_loops_ring
D:2:      layout_basic, basic_altar, minmay_pentomino_s4, uniq_natasha
D:3:      layout_loops_ring, marbit_many_paths,
          mainiacjoe_sewer_entry_somewhere_in_here_1,
          chequers_ecumenical_altar_island, nicolae_figureground_pulse
D:6:      layout_loops_ring, lemuel_round_altar, serial_shops, shop,
          nicolae_shop_hallway_stairs, chequers_serial_rivers_micro_c

Skill      XL: |  1  2  3  4 |
---------------+-------------+-----
Stealth        | 3 |  3.7
Fighting       | 1 |  1.5
Air Magic      | 4 |  4.3
Spellcasting   | 4 |  4.2
Dodging        | |  2.4
Conjurations   | |  1.1

Action                     |  1- 3 |  4- 6 || total
---------------------------+-------+-------++-------
  Melee: Unarmed           |     5 |       ||     5
         Punch             |     1 |       ||     1
   Cast: Shock             |    85 |    38 ||   123
         Static Discharge  |     4 |     3 ||     7
         Airstrike         |       |     1 ||     1
 Armour: Robe              |    14 |    13 ||    27
  Dodge: Dodged            |     9 |     2 ||    11

Table legend: (Time is in decaauts)
 A = Elapsed time spent in this place.
 B = Non-inter-level travel time spent in this place.
 C = Inter-level travel time spent in this place.
 D = Time resting spent in this place.
 E = Time spent auto-exploring this place.
 F = Levels seen in this place.
 G = Mean time per level.
                   A        B        C        D        E       F      G
               +--------+--------+--------+--------+--------+-----+--------+
         Total |   2867 |   2552 |    315 |    171 |   1937 |   4 |  716.8 |
       Dungeon |   2867 |   2552 |    315 |    171 |   1937 |   4 |  716.8 |
               +--------+--------+--------+--------+--------+-----+--------+

Top non-repeatable levels by time:
     D:2: 1397 daAuts
     D:1: 1253 daAuts
     D:3: 131 daAuts
     D:6: 84 daAuts
